Map: Thunderbird LE

Players

HellraiseR

  • Race: Protoss Protoss
  • League: Master
  • Spawn Location: 11:00

lIlIlIlIlIlI - Winner!

  • Race: Terran Terran
  • League: Grandmaster
  • Spawn Location: 5:00

VOD

Have the link to the VOD?

Description

Time

  • Played on: Sept. 19, 2019, 4:48 p.m.
  • Length: 23:07
Show
View Real Time Build Order
Export as new Build Order

HellraiseR Protoss 

Build Orders: 1 Gate Expand, Phoenix Opening, Carriers 

Get SALT Encoding   

  12  0:01  Probe  
  13  0:13  Probe  
  14  0:18  Pylon  
  14  0:25  Probe (Chrono Boost)  
  15  0:37  Gateway, Probe (Chrono Boost)  
  16  0:45  Probe (Chrono Boost), Assimilator  
  17  0:54  Probe (Chrono Boost)  
  18  1:07  Probe (Chrono Boost)  
  19  1:14  Probe (Chrono Boost)  
  20  1:26  Nexus  
  20  1:33  Cybernetics Core  
  20  1:36  Probe  
  21  1:41  Assimilator  
  21  1:48  Probe  
  21  1:50  Pylon  
  22  2:00  Probe  
  23  2:07  Stalker (Chrono Boost)  
  23  2:12  Probe  
  26  2:20  Stargate  
  26  2:24  Probe  
  26  2:29  Adept  
  29  2:36  Probe  
  30  2:38  Probe  
  31  2:48  Probe  
  31  2:50  Warp Gate  
  32  2:53  Probe  
  33  2:59  Adept  
  33  3:01  Probe  
  33  3:03  Phoenix (Chrono Boost)  
  33  3:05  Probe  
  39  3:14  Probe  
  39  3:17  Probe  
  39  3:19  Phoenix (Chrono Boost)  
  43  3:32  Nexus  
  43  3:36  Pylon  
  43  3:44  Phoenix (Chrono Boost)  
  43  3:46  Probe  
  46  3:54  Probe  
  47  3:55  Pylon  
  47  3:59  Sentry  
  49  4:05  Gateway  
  49  4:07  Phoenix (Chrono Boost)  
  49  4:09  Probe  
  53  4:10  Probe  
  53  4:14  Gateway  
  53  4:22  Probe x2  
  55  4:27  Robotics Facility  
  55  4:34  Probe x2  
  43  4:46  Probe  
  43  4:48  Phoenix (Chrono Boost)  
  42  4:55  Stalker  
  43  5:01  Shield Battery, Probe x3  
  46  5:13  Probe x3  
  49  5:17  Observer  
  49  5:18  Adept  
  52  5:23  Adept  
  52  5:26  Probe x2 (Chrono Boost)  
  52  5:27  Probe (Chrono Boost)  
  59  5:36  Probe (Chrono Boost)  
  59  5:37  Probe x2 (Chrono Boost)  
  59  5:39  Observer  
  59  5:41  Probe x2 (Chrono Boost)  
  61  5:44  Probe  
  61  5:49  Assimilator  
  64  5:52  Probe x2  
  64  5:56  Probe  
  67  6:04  Probe x2  
  67  6:12  Probe  
  67  6:13  Assimilator  
  67  6:16  Probe x2  
  67  6:17  Assimilator  
  68  6:21  Immortal, Assimilator  
  68  6:24  Nexus  
  68  6:25  Probe  
  73  6:29  Probe x2  
  75  6:37  Probe  
  75  6:38  Fleet Beacon  
  76  6:41  Probe  
  76  6:42  Pylon  
  76  6:46  Pylon  
  76  6:47  Pylon  
  77  7:00  Probe x3  
  80  7:05  Stargate  
  80  7:06  Stargate  
  80  7:10  Warp Prism  
  80  7:12  Probe (Chrono Boost)  
  80  7:13  Probe x2 (Chrono Boost)  
  94  7:23  Probe (Chrono Boost)  
  94  7:24  Probe x2 (Chrono Boost)  
  94  7:27  Carrier (Chrono Boost)  
  94  7:29  Probe x2 (Chrono Boost)  
  95  7:30  Probe (Chrono Boost)  
  97  7:38  Probe  
  97  7:42  Zealot x3  
  104  7:44  Assimilator  
  104  7:46  Probe x3  
  104  7:47  Carrier (Chrono Boost)  
  104  7:49  Protoss Air Weapons Level 1 (Chrono Boost), Assimilator  
  113  8:01  Pylon  
  113  8:10  Probe x2  
  113  8:12  Forge  
  115  8:17  Pylon, Carrier (Chrono Boost)  
  115  8:19  Pylon  
  121  8:24  Probe  
  121  8:25  Probe  
  123  8:29  Carrier (Chrono Boost), Probe  
  124  8:35  Probe  
  124  8:38  Carrier (Chrono Boost)  
  124  8:41  Probe x3  
  139  8:42  Robotics Bay  
  140  8:52  Pylon  
  140  8:54  Pylon  
  140  8:56  Pylon  
  140  9:02  Shield Battery  
  140  9:03  Shield Battery  
  140  9:05  Shield Battery  
  140  9:07  Shield Battery  
  140  9:08  Shield Battery  
  140  9:10  Zealot x3  
  140  9:11  Carrier (Chrono Boost)  
  152  9:19  Carrier (Chrono Boost)  
  158  9:30  Disruptor  
  161  9:32  Probe x3  
  161  9:35  Carrier (Chrono Boost)  
  135  10:13  Disruptor  
  138  10:15  Stalker  
  138  10:19  Carrier x2 (Chrono Boost)  
  152  10:29  Carrier (Chrono Boost)  
  152  10:30  Probe x2  
  158  10:49  Disruptor  
  155  11:22  Nexus  
  155  11:25  Pylon  
  155  11:26  Pylon  
  155  11:27  Carrier (Chrono Boost)  
  155  11:28  Pylon, Carrier (Chrono Boost)  
  155  11:29  Carrier (Chrono Boost)  
  155  11:31  Assimilator  
  153  11:33  Assimilator  
  153  11:34  Stalker  
  153  11:42  Probe  
  153  11:43  Probe  
  152  11:48  Probe x2  
  154  11:54  Disruptor  
  154  11:55  Probe x2  
  154  11:56  Forge  
  154  12:00  Probe x2  
  161  12:07  Probe x2  
  163  12:12  Probe x2  
  159  12:18  Protoss Air Weapons Level 2 (Chrono Boost)  
  159  12:22  Carrier (Chrono Boost)  
  153  12:27  Carrier x2  
  171  12:31  Disruptor (Chrono Boost)  
  171  12:34  Photon Cannon  
  171  12:35  Photon Cannon  
  174  12:38  Photon Cannon  
  174  12:40  Photon Cannon  
  174  12:43  Photon Cannon x2, Probe x4  
  178  12:44  Probe  
  178  12:45  Photon Cannon  
  178  12:46  Zealot x2  
  178  12:47  Zealot  
  185  12:54  Pylon  
  185  12:55  Probe, Twilight Council  
  185  12:57  Robotics Facility  
  186  13:00  Robotics Facility  
  186  13:03  Disruptor (Chrono Boost)  
  185  13:33  Observer  
  176  13:39  Stalker x2  
  176  13:40  Stalker  
  182  13:42  Probe x3  
  181  13:53  Tempest x3  
  196  13:56  Observer  
  195  14:03  Disruptor  
  195  14:04  Observer  
  200  14:10  Probe  
  200  14:12  Photon Cannon  
  200  14:16  Photon Cannon  
  200  14:30  Probe  
  200  14:35  Pylon  
  200  14:42  Shield Battery  
  200  14:45  Shield Battery  
  200  15:04  Nexus  
  200  15:06  Pylon  
  160  15:29  Carrier x3 (Chrono Boost)  
  172  15:46  Pylon  
  172  15:48  Assimilator  
  172  15:50  Assimilator  
  171  16:03  Disruptor x3 (Chrono Boost)  
  180  16:11  Nexus  
  177  16:17  Pylon  
  177  16:21  Stargate  
  177  16:26  Stargate  
  177  16:27  Carrier x3 (Chrono Boost)  
  195  16:35  Disruptor (Chrono Boost)  
  198  16:46  Photon Cannon  
  198  16:47  Photon Cannon  
  198  16:50  Photon Cannon  
  198  16:52  Stalker x3  
  192  16:54  Photon Cannon  
  168  17:23  Stalker x3  
  168  17:24  Carrier x2 (Chrono Boost)  
  186  17:49  Pylon  
  186  17:50  Shield Battery  
  156  18:25  Carrier x3 (Chrono Boost)  
  174  18:27  Stalker  
  174  18:28  Stalker x2  
  174  18:32  Assimilator  
  180  18:35  Photon Cannon  
  180  18:36  Photon Cannon  
  180  18:37  Assimilator  
  180  18:40  Photon Cannon  
  180  18:42  Photon Cannon  
  175  18:56  Disruptor x3  
  175  19:00  Stalker x3  
  175  19:02  Probe x3  
  183  19:07  Probe x2  
  181  19:12  Carrier x2 (Chrono Boost)  
  181  19:14  Probe x2  
  195  19:32  Pylon  
  195  19:45  Protoss Air Weapons Level 3 (Chrono Boost)  
  195  19:47  Photon Cannon  
  195  19:48  Pylon  
  195  19:50  Probe x3  
  195  19:52  Photon Cannon  
  198  20:04  Stalker x3  
  121  20:33  Tempest x5 (Chrono Boost)  
  140  20:35  Stalker  
  140  20:36  Stalker x2  
  143  20:49  Nexus  
  127  21:13  Tempest x5 (Chrono Boost)  
  130  21:26  Stalker x3  
  130  21:28  Templar Archives  
  129  21:45  Psionic Storm  
  108  22:05  Tempest x4  
  128  22:15  Observer  
  123  22:24  High Templar  
  123  22:25  High Templar x2  
  126  22:31  Photon Cannon  
Show
View Real Time Build Order
Export as new Build Order

lIlIlIlIlIlI Terran - Winner!

Build Orders: Reaper Expand, Mech 

Get SALT Encoding   

  12  0:00  SCV  
  13  0:13  SCV  
  14  0:16  Supply Depot  
  14  0:25  SCV  
  15  0:38  SCV  
  15  0:39  Barracks  
  16  0:43  Refinery  
  16  0:50  SCV  
  17  1:02  SCV  
  18  1:14  SCV  
  19  1:26  Orbital Command  
  19  1:27  Reaper  
  20  1:40  Command Center  
  20  1:49  Supply Depot  
  20  1:52  SCV  
  21  1:58  Marine  
  22  2:04  SCV  
  22  2:08  Factory  
  23  2:16  Refinery, SCV  
  23  2:20  Barracks Tech Lab  
  24  2:28  SCV  
  25  2:40  SCV  
  25  2:41  Marauder  
  28  2:53  SCV  
  28  2:54  Hellion  
  28  2:55  Starport  
  28  2:58  Orbital Command  
  31  3:03  Marauder  
  31  3:05  SCV  
  34  3:07  Concussive Shells  
  34  3:15  Hellion  
  34  3:17  SCV  
  37  3:24  Marauder, SCV  
  40  3:28  Supply Depot  
  40  3:29  SCV  
  40  3:32  Medivac  
  43  3:36  SCV, Hellion  
  46  3:45  Supply Depot  
  46  3:49  SCV x2  
  48  4:01  SCV x2  
  48  4:02  Viking  
  52  4:03  Barracks Reactor  
  52  4:09  Cyclone  
  55  4:11  Supply Depot  
  55  4:13  SCV  
  55  4:14  SCV  
  57  4:26  SCV x2  
  57  4:27  Command Center  
  59  4:38  SCV x2  
  61  4:42  Marine  
  61  4:43  Marine  
  57  4:50  SCV x2  
  54  4:54  Cyclone  
  54  4:55  Viking  
  54  4:57  Refinery  
  54  4:59  Supply Depot  
  57  5:00  Supply Depot, Refinery, Marine  
  57  5:01  Marine  
  57  5:02  SCV x2  
  58  5:14  Factory, SCV  
  58  5:20  SCV  
  60  5:22  Factory  
  60  5:26  SCV  
  60  5:27  Engineering Bay  
  61  5:32  SCV  
  62  5:35  Siege Tank  
  62  5:38  SCV  
  62  5:42  Orbital Command  
  66  5:44  Refinery, SCV  
  66  5:49  Marine  
  68  5:50  SCV  
  68  5:56  Missile Turret, SCV  
  70  5:57  Missile Turret  
  70  5:59  Refinery  
  70  6:02  SCV, Factory Tech Lab  
  69  6:07  Marine  
  69  6:08  SCV  
  69  6:11  SCV  
  69  6:15  SCV  
  69  6:17  Hellion  
  69  6:18  Hellion  
  77  6:21  Siege Tank x2, SCV  
  77  6:23  SCV  
  82  6:27  SCV  
  82  6:28  Supply Depot  
  82  6:29  Bunker, Supply Depot  
  83  6:33  Factory, SCV  
  83  6:34  Factory  
  83  6:35  SCV  
  83  6:39  SCV  
  86  6:41  Hellion  
  86  6:42  Hellion  
  86  6:45  SCV  
  91  6:47  SCV  
  91  6:51  SCV  
  91  6:53  Siege Tank x2  
  99  6:57  SCV, Infernal Pre-Igniter  
  99  6:59  Mag-Field Accelerator, SCV  
  101  7:03  SCV  
  101  7:08  Missile Turret  
  106  7:09  SCV  
  106  7:11  Armory, SCV  
  106  7:14  Armory  
  106  7:15  SCV  
  105  7:21  SCV  
  105  7:22  Supply Depot  
  106  7:23  Supply Depot, SCV  
  106  7:25  Factory Reactor, Factory Tech Lab  
  109  7:34  SCV x2  
  109  7:35  Supply Depot  
  109  7:36  Supply Depot  
  109  7:38  Command Center  
  109  7:42  Factory Reactor, Factory Tech Lab  
  109  7:43  Starport Reactor  
  109  7:44  SCV  
  110  7:47  SCV x2  
  110  7:48  Starport x2  
  110  7:50  Hellion x2  
  116  7:54  Cyclone  
  116  7:55  Cyclone  
  123  8:01  Cyclone  
  123  8:04  Missile Turret  
  125  8:05  Supply Depot  
  125  8:06  Supply Depot, Terran Vehicle Weapons Level 1  
  125  8:08  Drilling Claws, Terran Vehicle And Ship Armor Level 1  
  125  8:12  Hellion  
  129  8:13  Hellion  
  129  8:25  Viking x2  
  129  8:26  Viking x2  
  135  8:28  Hellion x2  
  135  8:30  Cyclone  
  135  8:34  Cyclone  
  145  8:45  Cyclone  
  145  8:47  Hellion x2  
  152  8:51  Hellion x2  
  156  8:59  SCV x3  
  156  9:00  Missile Turret  
  162  9:02  Cyclone  
  162  9:04  Missile Turret  
  162  9:05  Missile Turret  
  162  9:06  Viking x2  
  162  9:07  Viking x2  
  170  9:11  SCV x2  
  172  9:21  Missile Turret  
  172  9:25  Missile Turret  
  172  9:28  SCV  
  172  9:29  Hellion  
  172  9:31  SCV  
  172  9:35  Hellion  
  172  9:37  Planetary Fortress  
  172  9:39  Refinery  
  172  9:40  Refinery, Hellion x2  
  172  9:42  Viking x2, Hellion x2  
  172  9:45  SCV  
  179  9:46  Supply Depot  
  162  9:55  Cyclone  
  162  9:56  Cyclone  
  162  9:57  Hellion x2  
  162  9:59  Missile Turret  
  154  10:00  Missile Turret x2, Hellion  
  154  10:05  Viking  
  147  10:07  Viking  
  147  10:10  Hellion  
  147  10:13  SCV  
  147  10:14  SCV x3  
  155  10:21  Terran Vehicle And Ship Armor Level 2  
  155  10:22  Terran Ship Weapons Level 1  
  154  10:31  Viking x2  
  156  10:40  Viking x2  
  148  10:45  Hi-Sec Auto Tracking  
  149  10:51  Siege Tank x2  
  149  10:52  Siege Tank  
  149  10:56  SCV  
  152  10:57  SCV x2  
  152  10:58  SCV  
  152  11:01  Viking  
  155  11:08  Viking  
  155  11:10  Viking, SCV  
  159  11:12  Viking  
  161  11:18  Missile Turret  
  161  11:22  Widow Mine x4  
  154  11:43  Viking x4  
  154  11:45  Widow Mine x4  
  154  11:46  Siege Tank x3  
  171  11:51  Missile Turret  
  171  11:58  Missile Turret  
  171  12:04  Missile Turret  
  171  12:13  Viking x2  
  171  12:20  Widow Mine x2  
  171  12:21  Widow Mine x3  
  165  12:24  Cyclone x2  
  166  12:37  Command Center  
  166  12:40  Starport Reactor x2  
  166  12:42  Cyclone  
  166  12:43  Viking x2, Hellion x2  
  173  12:44  Terran Ship Weapons Level 2  
  173  12:45  Terran Vehicle And Ship Armor Level 3  
  173  12:54  Hellion x2  
  173  12:56  Cyclone x2  
  183  13:02  Missile Turret  
  179  13:13  Viking x2  
  187  13:20  Hellion x2  
  187  13:26  Supply Depot  
  187  13:27  Supply Depot  
  187  13:31  Viking x2  
  187  13:32  Hellion  
  187  13:45  Viking x2  
  187  13:47  Viking, Command Center  
  187  14:01  Viking x3  
  191  14:07  Command Center  
  189  14:14  Command Center  
  189  14:15  Viking  
  191  14:30  Viking x2  
  193  14:31  Viking  
  193  14:34  Refinery  
  193  14:35  Refinery  
  193  14:36  Fusion Core  
  193  14:37  Starport  
  195  14:40  Starport  
  195  14:45  Missile Turret  
  195  14:47  Missile Turret  
  195  15:00  Viking x2  
  195  15:01  Missile Turret  
  195  15:02  Missile Turret  
  158  15:28  Viking  
  158  15:29  Viking x3  
  158  15:30  Viking  
  158  15:31  Viking  
  158  15:32  Cyclone  
  158  15:33  Cyclone  
  152  15:37  Orbital Command  
  143  16:04  Viking x2  
  143  16:05  Viking x3  
  143  16:06  Viking  
  152  16:12  Orbital Command  
  149  16:31  Command Center  
  149  16:34  Viking  
  149  16:36  Viking x3  
  149  16:37  Advanced Ballistics  
  153  16:53  Smart Servos  
  153  17:00  Hellion x2  
  153  17:01  Hellion x2  
  161  17:02  Liberator x2  
  161  17:03  Viking x3  
  161  17:04  Viking x2  
  161  17:07  Widow Mine x2  
  161  17:16  Liberator x3  
  161  17:17  Liberator x2  
  161  17:19  Viking x2  
  161  17:21  Widow Mine  
  161  17:33  Liberator  
  161  17:34  Liberator  
  164  17:45  Liberator x2  
  170  17:53  Hellion x3  
  170  17:57  Cyclone x2  
  182  17:59  Liberator  
  167  18:19  Viking x3  
  167  18:23  Viking  
  153  18:27  SCV x2  
  153  18:28  SCV  
  153  18:31  Hellion x2  
  153  18:33  Viking  
  153  18:34  Viking  
  163  18:39  SCV  
  163  18:40  SCV x2  
  154  18:44  Orbital Command  
  154  18:45  Viking x2  
  155  18:51  SCV  
  155  18:52  SCV x2  
  153  19:03  SCV  
  153  19:04  SCV x2  
  153  19:05  Cyclone x2  
  153  19:12  Viking  
  153  19:13  Viking  
  153  19:15  SCV  
  153  19:16  SCV  
  158  19:19  Refinery  
  158  19:20  Refinery  
  158  19:22  Viking x2  
  160  19:25  Viking  
  160  19:28  Viking  
  164  19:39  Hellion  
  164  19:40  Hellion x3  
  164  19:43  Cyclone  
  164  19:44  Cyclone  
  158  20:18  Hellion x2  
  158  20:19  Viking  
  156  20:34  Siege Tank  
  156  20:35  Siege Tank  
  140  20:54  Factory Tech Lab x2  
  140  20:55  Hellion x2  
  139  21:05  Liberator  
  139  21:06  Siege Tank  
  142  21:18  Cyclone x2  
  145  21:19  Hellion x2  
  145  21:20  Cyclone  
  145  21:21  Viking x5  
  145  21:23  Viking  
  167  21:28  Command Center  
  165  21:39  Cyclone  
  168  21:40  Hellion  
  168  21:44  Viking  
  168  21:45  Viking  
  168  21:46  Hellion  
  176  21:50  Hellion x2  
  176  21:53  Hellion  
  180  21:57  Orbital Command  
  177  22:07  Liberator x2  
  175  22:17  Refinery  
  175  22:18  Refinery  
  173  22:24  Viking x2  
  173  22:26  Hellion x2  
  187  22:30  Hellion  
Tags
 
Add a new tag
Caveats
  • Supply blocks, unpowered buildings, or Contaminate may cause inaccurate times.
  • Supply counts are checked every 10 seconds.